 Dungeon Crawl Stone Soup version 0.30-a0-12-gd8047c6341 (webtiles) character file.

Game seed: 11371975388867589770

10696 Newt the Carver (level 11, -3/84 HPs)
             Began as a Demonspawn Gladiator on Aug 23, 2022.
             Was an Initiate of Gozag.
             Killed from afar by a raiju (19 damage)
             ... with a living lightning
             ... on level 2 of the Abyss.
             The game lasted 00:16:52 (10512 turns).

Newt the Carver (Demonspawn Gladiator)             Turns: 10512, Time: 00:16:52

Health: -3/84      AC: 17    Str: 18    XL:     11   Next: 39%
Magic:  11/11      EV: 12    Int: 10    God:    Gozag
Gold:   1485       SH:  5    Dex: 15    Spells: 10/10 levels left

rFire   . . .      SeeInvis .    C - +0 falchion (vorpal)
rCold   . . .      Faith    .    (no shield)
rNeg    . . .      Spirit   .    v - +5 ring mail {Will+}
rPois   .          Reflect  +    M - +2 hat
rElec   .          Harm     +    O - scarf {harm}
rCorr   .          Rampage  .    (no gloves)
Will    +....                    (no boots)
Stlth   +.........               F - amulet of reflection
HPRegen 0.00/turn                Q - +4 ring of slaying
MPRegen 0.12/turn                I - +4 ring of protection

@: sick, hasted (expiring), very quick
A: powered by death 2, spiny 1, demonic touch 1
a: Renounce Religion, Potion Petition, Call Merchant, Bribe Branch


You were on level 2 of the Abyss.
You worshipped Gozag.
Gozag was most pleased with you.
You visited 2 branches of the dungeon, and saw 11 of its levels.
You visited the Abyss 1 time.

You collected 1768 gold pieces.
You spent 227 gold pieces at shops.
You paid 56 gold pieces to Gozag.

Inventory:

Hand Weapons
 a - a +0 rapier
 o - a +2 dagger of protection
 p - a +3 dagger
 C - a +0 vorpal falchion (weapon)
 W - the +5 dagger "Puaffan" {vorpal, Str+2}
   (You found it on level 10 of the Dungeon)

   It inflicts extra damage upon your enemies.
   Str:       It affects your strength (+2).
Missiles
 d - 5 throwing nets (quivered)
 e - 12 javelins
 f - 42 poisoned darts
 R - 4 boomerangs
Armour
 b - a +0 leather armour
 c - a +0 helmet
 m - an orb of wrath
 r - a +0 chain mail
 v - a +5 ring mail of willpower (worn)
 M - a +2 hat (worn)
 O - a scarf of harm (worn)
 P - a +0 cloak of poison resistance
Jewellery
 j - a +4 ring of evasion
 y - a ring of fire
 E - an amulet of guardian spirit
 F - an amulet of reflection (around neck)
 I - a +4 ring of protection (right hand)
 Q - a +4 ring of slaying (left hand)
 S - a ring of protection from cold
Wands
 u - a wand of flame (28)
 H - a wand of roots (6)
 J - a wand of digging (9)
 T - a wand of acid (3)
 U - a wand of charming (2)
Scrolls
 s - 3 scrolls of magic mapping
 w - 5 scrolls of fear
 D - a scroll of blinking
 N - 3 scrolls of enchant armour
 V - a scroll of identify
 X - a scroll of summoning {unknown}
Potions
 g - a potion of ambrosia
 h - 3 potions of attraction
 i - 6 potions of invisibility
 k - 6 potions of curing
 l - a potion of might
 n - 2 potions of brilliance
 t - 2 potions of degeneration
 x - a potion of mutation {unknown}
 z - 2 potions of lignification {unknown}
 A - 2 potions of heal wounds
 B - 2 potions of flight {unknown}
 G - a potion of cancellation {unknown}
 K - a potion of experience {unknown}
 L - 3 potions of magic {unknown}


   Skills:
 + Level 7.5 Fighting
 - Level 5.3(8.0) Short Blades
 - Level 9.3(10.0) Long Blades
 - Level 8.0 Throwing
 - Level 6.0 Armour
 - Level 4.0 Dodging
 - Level 2.0 Stealth
 - Level 4.0 Evocations


You had 10 spell levels left.
You didn't know any spells.
Your spell library contained the following spells:

 Spells                   Type           Power      Damage    Failure   Level
 Apportation              Tloc           0%         N/A       54%         1
 Static Discharge         Conj/Air       0%         3-3/arc   67%         2
 Dispel Undead            Necr           0%         3d6       99%         4
 Sticky Flame             Conj/Fire      0%         2d3       99%         4
 Alistair's Intoxication  Tmut/Pois      0%         N/A       100%        5


Dungeon Overview and Level Annotations

Branches:
Dungeon (10/15)            Temple (1/1) D:4            Lair (0/5) D:9
    Orc: D:9-12

Altars:
Ashenzari
Cheibriados
Fedhas
Gozag
Hepliaklqana
Kikubaaqudgha
Makhleb
Nemelex Xobeh
Okawaru
Qazlal
Sif Muna
Uskayaw
Vehumet
Xom
Yredelemnul

Shops:
D:7 *

Portals:
Trove: D:10 (give 17 potions of curing)

Annotations:
D:9 3 runed translucent doors, qwertyui's ghost, novice TrFi


Innate Abilities, Weirdness & Mutations

You regenerate health from kills.
You are partially covered in sharp spines.
Your touch may inflict minor irresistible damage on your foes.


Message History

The bone dragon bites you! The bone dragon claws you.
* * * LOW HITPOINT WARNING * * *
The bone dragon tramples you but does no damage.
You feel sick.
You are no longer poisoned.
Unknown command.
The swamp drake breathes poison at you.
The noxious blast engulfs the worldbinder but does no damage.
You bump into the stone wall.
You are engulfed in noxious fumes.
The worldbinder hits you but does no damage.
The worldbinder hits you.
* * * LOW HITPOINT WARNING * * *
Unknown command.
You're too confused to move!
You are engulfed in noxious fumes.
You choke on the stench!
You are more confused.
The worldbinder is struck by your spines.
The worldbinder barely misses you. The worldbinder closely misses you.
You are engulfed in noxious fumes.
Unknown command.
You bump into the stone wall.
You are engulfed in noxious fumes.
Unknown command.
Found a gateway leading deeper into the Abyss.
The worldbinder calls forth creatures from the Swamp!
You feel less confused.
You feel ill.
There is a gateway leading deeper into the Abyss here.
You plunge deeper into the Abyss.
Unknown command.
You start resting.
A raiju comes into view. 2 raiju come into view.
The raiju barks! x2; You hear a bark!
The raiju barks!
Found a corrupted altar of Lugonu.
Your extra speed is starting to run out.
The raiju bursts into living lightning!
The living lightning hits you!
You die...
Your body crumbles into a pile of gold.

#.. ...# #..#...#
# ##...#..### .#.
.........#. ....
......##.....
.#...#.......#....
#........#..#...#.
... #@#....#....
.....##...#...#...
#.....#..#......
.......#.#....#
#.#..####....#.
#.._. #..##h##
...... ...#...
.#......#. #....
#.....# ...#####


You could see a raiju.

Vanquished Creatures
  A hydra (D:10)
  A two-headed ogre (D:9)
  Pikel (D:3)
  A will-o-the-wisp (Abyss:1)
  Joseph (D:8)
  A gargoyle (D:10)
  A centaur skeleton (Abyss:1)
  A kobold demonologist (D:9)
  2 trolls
  Prince Ribbit (D:7)
  Sigmund (D:4)
  A small abomination (Abyss:1)
  A wyvern (D:9)
  14 yaks
  A ynoxinul (Abyss:1)
  A steam dragon (D:7)
  3 water moccasins
  A black bear (D:7)
  An ice beast (D:7)
  3 orc warriors
  A sky beast (Abyss:1)
  2 ogres
  4 centaurs
  2 lemures
  A phantom (D:6)
  4 kobold brigands
  2 bullfrogs (D:8)
  2 scorpions
  5 necrophages
  2 gnoll sergeants
  4 wights (D:7)
  5 killer bees (D:9)
  5 howler monkeys
  A crimson imp (D:5)
  3 hounds (D:5)
  2 jellies (D:6)
  2 gnoll boudas
  6 orc priests
  Jessica (D:2)
  3 iguanas
  Ijyb (D:3)
  9 orc wizards
  Robin (D:2)
  17 gnolls
  7 adders
  A shadow imp (D:6)
  A white imp (D:5)
  4 worms
  3 dart slugs
  39 orcs
  7 bats
  9 endoplasms
  4 giant cockroaches
  15 goblins
  10 hobgoblins
  10 quokkas
  5 ball pythons
  A frilled lizard (D:1)
  18 kobolds
  5 rats
262 creatures vanquished.

Vanquished Creatures (others)
  4 foxfires (Abyss:1)
  10 fungi (D:10)
14 creatures vanquished.

Grand Total: 276 creatures vanquished

Notes
Turn   | Place    | Note
-------+----------+-------------------------------------------
     0 | D:1      | Newt the Demonspawn Gladiator began the quest for the Orb.
     0 | D:1      | Reached XP level 1. HP: 16/16 MP: 1/1
   408 | D:1      | Reached skill level 1 in Stealth
   507 | D:1      | Gained mutation: You are partially covered in sharp spines.
                  | [demonic ancestry]
   507 | D:1      | Reached XP level 2. HP: 18/22 MP: 2/2
  1473 | D:1      | Reached XP level 3. HP: 28/28 MP: 3/3
  1808 | D:2      | Noticed Jessica
  1813 | D:2      | Killed Jessica
  1905 | D:2      | Gained mutation: You regenerate a little health from kills.
                  | [demonic ancestry]
  1905 | D:2      | Reached XP level 4. HP: 19/37 MP: 4/4
  1952 | D:2      | Noticed Robin
  1967 | D:2      | Killed Robin
  2646 | D:3      | Reached XP level 5. HP: 42/42 MP: 5/5
  2671 | D:3      | Noticed Ijyb
  2711 | D:3      | Killed Ijyb
  3151 | D:3      | Found a faded altar of an unknown god.
  3200 | D:3      | Found an ancient bone altar of Kikubaaqudgha.
  3266 | D:4      | Noticed a lemure
  3266 | D:4      | Noticed a lemure
  3308 | D:3      | Killed a lemure
  3414 | D:4      | Killed a lemure
  3431 | D:4      | Found a staircase to the Ecumenical Temple.
  3431 | D:4      | Noticed a lemure
  3431 | D:4      | Noticed a lemure
  3431 | D:4      | Noticed an ogre
  3431 | D:4      | Noticed Sigmund
  3434 | D:4      | Noticed Pikel
  3464 | D:3      | Killed Pikel
  3465 | D:3      | Gained mutation: Your touch may inflict minor irresistible
                  | damage on your foes. [demonic ancestry]
  3465 | D:3      | Reached XP level 6. HP: 31/48 MP: 6/6
  3465 | D:3      | Reached XP level 7. HP: 35/54 MP: 7/7
  4648 | D:4      | Killed Sigmund
  4649 | D:4      | Reached skill level 5 in Short Blades
  4746 | Temple   | Entered the Ecumenical Temple
  4759 | Temple   | Became a worshipper of Gozag Ym Sagoz the Greedy
  4937 | D:4      | You fall into a shaft and drop 2 floors!
  5012 | D:6      | Reached skill level 1 in Long Blades
  5018 | D:6      | Reached skill level 2 in Long Blades
  5018 | D:6      | Gained mutation: You regenerate health from kills. [demonic
                  | ancestry]
  5018 | D:6      | Reached XP level 8. HP: 37/60 MP: 8/8
  5190 | D:6      | Reached skill level 3 in Long Blades
  5244 | D:6      | Reached skill level 4 in Long Blades
  5373 | D:5      | Entered Level 5 of the Dungeon
  5404 | D:5      | Reached skill level 5 in Long Blades
  5622 | D:5      | Reached skill level 6 in Long Blades
  6023 | D:5      | Reached skill level 7 in Long Blades
  6027 | D:5      | Reached XP level 9. HP: 41/65 MP: 9/9
  6950 | D:6      | Noticed a troll
  7042 | D:6      | Reached skill level 5 in Fighting
  7426 | D:7      | Noticed Prince Ribbit
  7443 | D:7      | Reached skill level 1 in Armour
  7445 | D:7      | Killed Prince Ribbit
  7455 | D:7      | Found Cagoddon's Neck Hole.
  7459 | D:7      | Bought a scarf of harm for 117 gold pieces
  7459 | D:7      | Bought a +0 cloak of poison resistance for 110 gold pieces
  7641 | D:7      | Found a sparkling altar of Nemelex Xobeh.
  8019 | D:7      | Reached skill level 5 in Armour
  8197 | D:7      | Found a basalt altar of Yredelemnul.
  8206 | D:7      | Found a stormy altar of Qazlal.
  8478 | D:8      | Reached XP level 10. HP: 76/76 MP: 10/10
  8507 | D:8      | Noticed Joseph
  8524 | D:8      | Killed Joseph
  8525 | D:8      | Reached skill level 5 in Throwing
  9280 | D:9      | Found a staircase to the Lair.
  9517 | D:9      | Found a runed translucent gate.
  9519 | D:9      | Found a runed translucent gate.
  9519 | D:9      | Found a runed translucent gate.
  9519 | D:9      | Noticed a spectral centaur warrior
  9520 | D:9      | Noticed a spectral centaur warrior
  9523 | D:9      | Noticed qwertyui's ghost (novice TrFi)
  9523 | D:9      | Noticed a spectral centaur warrior
  9525 | D:9      | Found a broken altar of Ashenzari.
  9526 | D:9      | Found a shimmering blue altar of Sif Muna.
  9526 | D:9      | Found a radiant altar of Vehumet.
  9537 | D:9      | Noticed a two-headed ogre
  9546 | D:9      | Killed a two-headed ogre
  9547 | D:9      | Reached skill level 8 in Long Blades
  9778 | D:10     | Entered Level 10 of the Dungeon
  9778 | D:10     | Found a portal to a secret trove of treasure.
  9820 | D:10     | Identified the +5 dagger "Puaffan" {vorpal, Str+2}
  9842 | D:10     | Noticed a gargoyle
  9860 | D:10     | Reached XP level 11. HP: 41/81 MP: 11/11
  9893 | D:10     | Reached skill level 9 in Long Blades
  9998 | D:10     | Noticed an eight-headed hydra
 10009 | D:10     | Killed a ten-headed hydra
 10120 | D:10     | Found a hazy altar of Hepliaklqana.
 10122 | D:10     | Found an iron altar of Okawaru.
 10122 | D:10     | Found a snail-covered altar of Cheibriados.
 10124 | D:10     | Found an ancient bone altar of Kikubaaqudgha.
 10124 | D:10     | Found a shimmering altar of Xom.
 10124 | D:10     | Found a sparkling altar of Nemelex Xobeh.
 10126 | Abyss:1  | Cast into level 1 of the Abyss (orc wizard)
 10446 | Abyss:1  | Found a corrupted altar of Lugonu.
 10454 | Abyss:1  | Found a corrupted altar of Lugonu.
 10454 | Abyss:1  | Found a corrupted altar of Lugonu.
 10455 | Abyss:1  | Noticed a bone dragon
 10481 | Abyss:1  | Noticed a bog body
 10510 | Abyss:2  | Found a corrupted altar of Lugonu.
 10512 | Abyss:2  | Killed from afar by a raiju

Illustrated notes

Levels and vault maps discovered:
D:1:      psy_arrival_conway, layout_loops_corners, nicolae_figureground_sparkle
D:2:      layout_loops_cross, minmay_tetromino_i4, uniq_jessica, uniq_robin
D:3:      layout_rooms, kiku_gazebo_garden_becter, basic_ecumenical_altar,
          uniq_ijyb
D:4:      layout_rooms, minmay_temple_entry_ruins, uniq_pikel,
          uniq_crazy_yiuf_cottage, uniq_sigmund
D:5:      layout_layer_cave, columned_hall_lemuel, minmay_fire_ice_demons
D:6:      layout_loops_cross, serial_rivers, chequers_serial_rivers_marsh,
          chequers_serial_rivers_marsh, chequers_serial_rivers_small_3,
          chequers_serial_rivers_micro_a, chequers_serial_rivers_large_a,
          chequers_serial_rivers_micro_d, lightli_corner_chamber
D:7:      layout_gridville, nicolae_overflow_crystal_walls,
          mainiacjoe_overflow_swirl, nicolae_shop_sticking_my_neck_out,
          uniq_prince_ribbit1
D:8:      layout_basic, uniq_joseph
D:9:      layout_rooms, kennysheep_little_box,
          chequers_temple_overflow_statue_of_worship, dpeg_oklobed_lair,
          gammafunk_ghost_necromancy
D:10:     old_forge, layout_rooms, doesnt_xom_only_xom,
          nicolae_trove_entry_isolated
Temple:   cyrus_circular_temple
Abyss:2:  base:
D:4

Skill      XL: |  1  2  3  4  5  6  7  8  9 10 11 |
---------------+----------------------------------+-----
Stealth        | 1 2 |  2.0
Fighting       | 3 4 6 7 |  7.5
Short Blades   | 3 4 5 |  5.3
Throwing       | 4 8 |  8.0
Evocations     | 3 4 |  4.0
Long Blades    | 2 7 8 9 |  9.3
Armour         | 6 |  6.0
Dodging        | 3 4 |  4.0

Action                   |  1- 3 |  4- 6 |  7- 9 | 10-12 || total
-------------------------+-------+-------+-------+-------++-------
Melee: Rapier            |    70 |    38 |       |       ||   108
       Dagger            |       |   141 |    19 |       ||   160
       Punch             |       |     1 |     3 |     1 ||     5
       Falchion          |       |       |   261 |   238 ||   499
       Touch             |       |       |    60 |    48 ||   108
Throw: Throwing net      |     2 |     2 |       |     1 ||     5
       Dart              |       |     7 |     3 |       ||    10
Evoke: Wand              |       |       |       |     1 ||     1
  Use: Scroll            |     2 |     4 |     8 |     3 ||    17
       Potion            |       |       |       |     5 ||     5
 Stab: Sleeping          |     4 |     5 |       |       ||     9
       Held in net/web   |       |     3 |       |     1 ||     4
       Distracted        |       |     1 |       |       ||     1
Armor: Leather armour    |    15 |    19 |       |       ||    34
       Ring mail         |       |    24 |    74 |    95 ||   193
Dodge: Dodged            |    25 |    68 |   140 |   117 ||   350
Block: Other             |       |       |    44 |    45 ||    89
       Reflection        |       |       |       |     4 ||     4

Table legend: (Time is in decaauts)
 A = Elapsed time spent in this place.
 B = Non-inter-level travel time spent in this place.
 C = Inter-level travel time spent in this place.
 D = Time resting spent in this place.
 E = Time spent auto-exploring this place.
 F = Levels seen in this place.
 G = Mean time per level.
                   A        B        C        D        E       F      G
               +--------+--------+--------+--------+--------+-----+--------+
         Total |  10427 |  10171 |    256 |   2057 |   6330 |  13 |  802.1 |
       Dungeon |  10043 |   9788 |    255 |   1881 |   6281 |  10 | 1004.3 |
        Temple |     20 |     20 |      0 |      0 |      5 |   1 |   20.0 |
         Abyss |    364 |    364 |      0 |    176 |     44 |   2 |  182.0 |
               +--------+--------+--------+--------+--------+-----+--------+

Top non-repeatable levels by time:
     D:3: 1923 daAuts
     D:1: 1726 daAuts
     D:5: 1337 daAuts
     D:6: 1079 daAuts
     D:7: 1067 daAuts
     D:2: 881 daAuts
     D:8: 727 daAuts
     D:9: 621 daAuts
     D:4: 379 daAuts
 Abyss:1: 348 daAuts
    D:10: 299 daAuts
  Temple: 20 daAuts
 Abyss:2: 16 daAuts
